 Dungeon Crawl Stone Soup version 0.29-a0-284-gf9362112df (webtiles) character file.

Game seed: 18014308547197157414

39 NinjaNoafa the Vexing (level 3, -3/28 HPs)
             Began as a Gnoll Arcane Marksman on Mar 29, 2022.
             Was a Follower of Makhleb.
             Slain by a hobgoblin (4 damage)
             ... led by Robin
             ... on level 2 of the Dungeon.
             The game lasted 00:11:50 (1809 turns).

NinjaNoafa the Vexing (Gnoll Arcane Marksman)       Turns: 1809, Time: 00:11:51

Health: -3/28      AC:  2    Str:  9    XL:     3   Next: 45%
Magic:  6/7        EV: 13    Int: 14    God:    Makhleb [*.....]
Gold:   67         SH:  0    Dex: 12    Spells: 6/7 levels left

rFire   . . .      SeeInvis .   c - staff of air
rCold   . . .      Faith    .   (no shield)
rNeg    . . .      Spirit   .   b - +0 robe
rPois   .          Reflect  .   (no helmet)
rElec   +          Harm     .   (no cloak)
rCorr   .          Rampage  .   (no gloves)
Will    .....                   (no boots)
Stlth   +.........              (no amulet)
HPRegen 0.09/turn               (no ring)
MPRegen 0.10/turn               (no ring)

@: lethally poisoned (-3 -> -13)
A: fangs 1, strong nose, distributed training
a: Renounce Religion


You were on level 2 of the Dungeon.
You worshipped Makhleb.
Makhleb was aware of your devotion.
You visited 1 branch of the dungeon, and saw 2 of its levels.

You collected 67 gold pieces.

Inventory:

Hand Weapons
 a - a +0 shortbow
 f - a +0 dagger
 j - a +1 mace
Missiles
 e - 34 stones
Armour
 b - a +0 robe (worn)
Magical Staves
 c - a staff of air (weapon)
Scrolls
 d - a scroll of vulnerability
Potions
 h - a potion of degeneration (quivered)


   Skills:
 + Level 2.6 Fighting
 + Level 0.8 Short Blades
 + Level 0.8 Long Blades
 + Level 0.8 Axes
 + Level 0.8 Maces & Flails
 + Level 0.8 Polearms
 + Level 0.8 Staves
 + Level 0.8 Slings
 + Level 4.5 Bows
 + Level 0.8 Crossbows
 + Level 0.8 Throwing
 + Level 0.8 Armour
 + Level 4.5 Dodging
 + Level 0.8 Stealth
 + Level 0.8 Shields
 + Level 0.8 Unarmed Combat
 + Level 2.8 Spellcasting
 + Level 0.5 Conjurations
 + Level 5.4 Hexes
 + Level 0.5 Summonings
 + Level 0.5 Necromancy
 + Level 0.5 Translocations
 + Level 0.5 Transmutations
 + Level 0.5 Fire Magic
 + Level 0.5 Ice Magic
 + Level 0.5 Air Magic
 + Level 0.5 Earth Magic
 + Level 0.5 Poison Magic
 + Level 1.0 Invocations
 + Level 0.8 Evocations


You had 6 spell levels left.
You knew the following spells:

 Your Spells              Type           Power      Damage    Failure   Level
a - Slow                  Hex            68%        N/A       2%          1

Your spell library contained the following spells:

 Spells                   Type           Power      Damage    Failure   Level
 Inner Flame              Hex/Fire       10%        N/A       19%         3
 Portal Projectile        Hex/Tloc       20%        N/A       19%         3
 Cause Fear               Hex            8%         N/A       24%         4


Dungeon Overview and Level Annotations

Branches:
Dungeon (2/15)

Altars:
Makhleb

Annotations:
D:2 Robin


Innate Abilities, Weirdness & Mutations

You have very sharp teeth.
Your uncanny sense of smell can sniff out nearby items.
Your experience applies equally to all skills.


Message History

The adder is severely wounded.
The hobgoblin completely misses you. The adder bites you.
The hobgoblin closely misses you.
You barely miss the adder.
The adder is severely wounded.
The adder closely misses you. The adder barely misses you.
The hobgoblin closely misses you.
Non-targeted drink: potion of degeneration
Press: ? - help, Q - select action, (/) - cycle Dir - look around, f - activate Look: a hobgoblin Why would you want to do that?
Non-targeted drink: potion of degeneration
Press: ? - help, Q - select action, (/) - cycle Dir - look around, f - activate Look: a hobgoblin Why would you want to do that?
Why would you want to do that?
Hit: c) staff of air
Press: ? - help, Dir - move target, f/p - hobgoblin
Aim: a hobgoblin (about 38% to evade your staff of air)
You hit the hobgoblin.
The hobgoblin is moderately wounded.
The adder bites you but does no damage. The hobgoblin closely misses you.
Casting: Slow (safe; 2% risk of failure)
Confirm with . or Enter, or press ? or * to list all spells.
Aiming: Slow (safe; 2% risk of failure)
Press: ? - help, Shift-Dir - straight line, f/p - hobgoblin
Aim: a hobgoblin (chance to affect: 73%)
The hobgoblin seems to slow down.
The adder bites you.
* * * LOW HITPOINT WARNING * * *
You are lethally poisoned!
The adder poisons you! The adder bites you.
* * * LOW HITPOINT WARNING * * *
You are more poisoned.
The adder poisons you!
You barely miss the adder.
The adder is severely wounded.
* * * LOW HITPOINT WARNING * * *
You feel very sick. The hobgoblin hits you.
You die...

#.##.# #.##.#
#.#####.##.#
#..........###
#######.####(.
#.# #.#
#######.# #.#
........####S#
........gggg@#
##############


You could see an adder, a hobgoblin (slow) and 3 goblins.

Vanquished Creatures
  2 dart slugs (D:1)
  2 ball pythons (D:1)
  5 endoplasms
  A giant cockroach (D:2)
  3 goblins (D:1)
  6 hobgoblins (D:1)
  2 jackals (D:1)
  2 kobolds (D:1)
  A quokka (D:1)
  5 rats
29 creatures vanquished.

Notes
Turn   | Place    | Note
-------+----------+-------------------------------------------
     0 | D:1      | NinjaNoafa the Gnoll Arcane Marksman began the quest for
                  | the Orb.
     0 | D:1      | Reached XP level 1. HP: 17/17 MP: 4/4
   126 | D:1      | Reached XP level 2. HP: 22/23 MP: 5/5
   633 | D:1      | Reached XP level 3. HP: 27/28 MP: 7/7
   929 | D:1      | Found a faded altar of an unknown god.
   935 | D:1      | Prayed at the altar of an unknown god.
   935 | D:1      | Became a worshipper of Makhleb the Destroyer
   935 | D:1      | Reached * piety under Makhleb
  1739 | D:2      | Reached skill level 1 in Invocations
  1777 | D:2      | Noticed Robin
  1809 | D:2      | HP: 1/28 [poisoned by an adder]
  1809 | D:2      | Slain by a hobgoblin

Illustrated notes

Levels and vault maps discovered:
D:1:      lemuel_arrival_hallway, layout_basic, ebering_ecumenical_altar_box,
          minmay_misc_feat_hallway
D:2:      layout_loops_ring, uniq_natasha, uniq_terence, uniq_robin

Skill      XL: |  1  2  3 |
---------------+----------+-----
Invocations    | 1 |  1.0
Fighting       | |  2.6
Short Blades   | |  0.8
Long Blades    | |  0.8
Axes           | |  0.8
Maces & Flails | |  0.8
Polearms       | |  0.8
Staves         | |  0.8
Slings         | |  0.8
Bows           | |  4.5
Crossbows      | |  0.8
Throwing       | |  0.8
Armour         | |  0.8
Dodging        | |  4.5
Stealth        | |  0.8
Shields        | |  0.8
Unarmed Combat | |  0.8
Spellcasting   | |  2.8
Conjurations   | |  0.5
Hexes          | |  5.4
Summonings     | |  0.5
Necromancy     | |  0.5
Translocations | |  0.5
Transmutations | |  0.5
Fire Magic     | |  0.5
Ice Magic      | |  0.5
Air Magic      | |  0.5
Earth Magic    | |  0.5
Poison Magic   | |  0.5
Evocations     | |  0.8

Action                   || total
-------------------------++-------
Melee: Dagger            ||    23
       Bite              ||    10
       Mace              ||    23
       Staff             ||    59
       Punch             ||     1
 Fire: Shortbow          ||    30
Throw: Stone             ||    14
 Cast: Slow              ||     2
  Use: Scroll            ||     6
       Potion            ||     1
 Stab: Sleeping          ||     3
Armor: Robe              ||    20
       Skin              ||     1
Dodge: Dodged            ||   128

Table legend: (Time is in decaauts)
 A = Elapsed time spent in this place.
 B = Non-inter-level travel time spent in this place.
 C = Inter-level travel time spent in this place.
 D = Time resting spent in this place.
 E = Time spent auto-exploring this place.
 F = Levels seen in this place.
 G = Mean time per level.
                   A        B        C        D        E       F      G
               +--------+--------+--------+--------+--------+-----+--------+
         Total |   1820 |   1820 |      0 |    700 |    362 |   2 |  910.0 |
       Dungeon |   1820 |   1820 |      0 |    700 |    362 |   2 |  910.0 |
               +--------+--------+--------+--------+--------+-----+--------+

Top non-repeatable levels by time:
     D:1: 1517 daAuts
     D:2: 302 daAuts
